 Dungeon Crawl Stone Soup version 0.25.1-2-g60ff931df9 (webtiles) character file.

Game seed: 3028242611764723925

14620 DearestLeader the Earth Mage (level 12, -18/59 HPs)
             Began as a Gargoyle Earth Elementalist on Oct 25, 2020.
             Was an Elder of Vehumet.
             Demolished by a freezing wraith (21 damage)
             ... in an ice cave.
             The game lasted 00:31:34 (13212 turns).

DearestLeader the Earth Mage (GrEE)                Turns: 13212, Time: 00:31:35

Health: -18/59     AC: 18    Str: 12    XL:     12   Next: 18%
Magic:  2/24       EV: 12    Int: 21    God:    Vehumet [****..]
Gold:   232        SH:  0    Dex: 10    Spells: 10/28 levels left

rFire    . . .     SeeInvis .   F - staff of earth
rCold    . . .     Gourm    .   (no shield)
rNeg     + . .     Faith    .   Q - +2 robe {MR+}
rPois    ∞         Spirit   .   n - +0 helmet
rElec    +         Reflect  .   c - +1 cloak
rCorr    .         Harm     .   (no gloves)
MR       ++...                  M - +2 pair of boots
Stlth    +++.......             (no amulet)
HPRegen  0.19/turn              o - ring of stealth
MPRegen  0.19/turn              T - ring of protection from magic

@: slowed, very slow
A: negative energy resistance 1, electricity resistance, unbreathing,
petrification resistance, rot immunity, AC +8
a: Renounce Religion


You were in an ice cave.
You worshipped Vehumet.
Vehumet was greatly pleased with you.
You were very hungry.

You visited 3 branches of the dungeon, and saw 14 of its levels.
You also visited: Sewer and Ice Cave.

You collected 622 gold pieces.
You spent 390 gold pieces at shops.

Inventory:

Hand Weapons
 e - a +0 dagger
 p - a +2 vampiric dagger
 K - a +0 whip of flaming
Missiles
 b - 155 stones (quivered)
Armour
 c - a +1 cloak (worn)
 n - a +0 helmet (worn)
 M - a +2 pair of boots (worn)
 Q - a +2 robe of magic resistance (worn)
Magical Staves
 F - an uncursed staff of earth (weapon)
Jewellery
 k - a +4 ring of protection
 m - an uncursed ring of flight
 o - a ring of stealth (left hand)
 O - a cursed -4 ring of protection
 T - a ring of protection from magic (right hand)
Wands
 y - a wand of paralysis (20)
 C - a wand of acid (4)
 G - a wand of random effects (14)
 L - a wand of disintegration (13)
 P - a wand of digging (5)
Scrolls
 h - a scroll of blinking {unknown}
 j - 6 scrolls of teleportation
 l - 11 scrolls of remove curse
 r - 5 scrolls of fear
 t - a scroll of random uselessness {unknown}
 v - 3 scrolls of fog
 x - 3 scrolls of enchant armour
 D - 4 scrolls of enchant weapon
 E - a scroll of vulnerability {unknown}
 I - a scroll of immolation {unknown}
 J - a scroll of magic mapping {unknown}
 R - a scroll of holy word {unknown}
Potions
 a - 2 potions of lignification
 f - a potion of flight
 g - a potion of ambrosia {unknown}
 q - a potion of mutation {unknown}
 u - 4 potions of degeneration {unknown}
 w - a potion of might {unknown}
 z - 2 potions of brilliance
 A - 2 potions of haste {unknown}
 B - a potion of cancellation {unknown}
 H - 4 potions of curing
 S - a potion of resistance {unknown}
Comestibles
 d - 21 rations


   Skills:
 + Level 2.4 Dodging
 - Level 2.1 Stealth
 + Level 8.5 Spellcasting
 * Level 9.2 Conjurations
 - Level 1.2 Transmutations
 - Level 7.0 Ice Magic
 + Level 15.1 Earth Magic


You had 10 spell levels left.
You knew the following spells:

 Your Spells              Type           Power        Failure   Level  Hunger
a - Sandblast             Erth           ######       0%          1    None
b - Passwall              Tmut/Erth      ######..     1%          2    None
c - Stone Arrow           Conj/Erth      ######       1%          3    None
d - Lee's Rapid Deconstr  Erth           #######...   1%          5    #####..
e - Petrify               Tmut/Erth      ######..     2%          4    ###....
f - Frozen Ramparts       Ice            #####.       1%          3    None

Your spell library contained the following spells:

 Spells                   Type           Power        Failure   Level  Hunger
 Irradiate                Conj/Tmut      ####......   7%          5    #####..
 Magic Dart               Conj           ####         1%          1    None
 Conjure Flame            Conj/Fire      ####....     1%          3    None
 Mephitic Cloud           Conj/Pois/Air  ###.....     1%          3    None
 Blink                    Tloc           N/A          12%         2    None
 Call Imp                 Summ           #.......     12%         2    None
 Slow                     Hex            #.......     12%         2    None


Dungeon Overview and Level Annotations

Branches:
Dungeon (12/15)            Temple (1/1) D:4            Lair (1/6) D:10
  Sewer (visited)           IceCv (1/1)
    Orc: D:9-12

Altars:
Ashenzari
Cheibriados
Dithmenos
Elyvilon
Gozag
Hepliaklqana
Kikubaaqudgha
Makhleb
Nemelex Xobeh
Okawaru
Qazlal
Ru
Sif Muna
Trog
Uskayaw
Vehumet
Wu Jian
Xom
Yredelemnul
Zin
The Shining One

Shops:
D:4 %   D:6 ![   D:8 [


Innate Abilities, Weirdness & Mutations

You are resistant to torment.
Your stone body is resilient. (AC +8)
You are immune to poison.
You resist negative energy. (rN+)
You are resistant to electric shocks. (rElec)
You can survive without breathing.
You are immune to petrification.
You are immune to rotting.


Message History

The freezing wraith is severely damaged.
The freezing wraith hits you but does no damage.
The freezing wraith closely misses you.
The freezing wraith hits you but does no damage.
The freezing wraith hits you!
* * * LOW HITPOINT WARNING * * *
The freezing wraith drains your vigour!
You feel as though you will be slow longer.
Casting: Stone Arrow (safe; 1% risk of failure)
Confirm with . or Enter, or press ? or * to list all spells.
Aiming: Stone Arrow (safe; 1% risk of failure)
Press: ? - help, Shift-Dir - straight line, f/p - freezing wraith
Aim: a freezing wraith (severely damaged)
You feel a surge of power!
The stone arrow hits the freezing wraith!
The freezing wraith is almost destroyed.
The freezing wraith hits you.
* * * LOW HITPOINT WARNING * * *
The freezing wraith freezes you!!
You die...

###### ###....##
###..W@...#
#...###..##
#...###..##
#...###..## #...#
#...# ....# #..##
##### ...# #...###
###...#### .##
##....###........##
##...............##


You could see a freezing wraith.

Vanquished Creatures
  A hydra (Lair:1)
  A two-headed ogre (D:10)
  Pikel (D:5)
  A deep elf mage (D:10)
  2 manticores (D:12)
  Psyche (D:8)
  A gargoyle (D:10)
  2 rime drakes (Lair:1)
  3 freezing wraiths (IceCv)
  A komodo dragon (Lair:1)
  2 trolls
  5 blink frogs (Lair:1)
  A hornet (D:10)
  Grinder (D:4)
  3 slime creatures (D:12)
  A hippogriff (Lair:1)
  A wyvern (D:8)
  8 yaks
  A steam dragon (D:12)
  A hungry ghost (D:9)
  A death yak simulacrum (IceCv)
  A water moccasin (Lair:1)
  A slave (D:5)
  3 porcupines
  6 ice beasts
  A sky beast (D:6)
  5 black bears
  A phantom (D:8)
  An orc warrior (D:6)
  9 ogres
  A centaur (D:4)
  2 crocodiles (D:10)
  4 big kobolds
  5 bullfrogs
  A wyvern zombie (D:9)
  4 scorpions
  An elephant simulacrum (IceCv)
  6 howler monkeys
  2 crimson imps
  A bullfrog zombie (D:7)
  5 jellies
  4 orc priests
  A bullfrog skeleton (D:5)
  A centaur skeleton (D:4)
  7 hounds
  Ijyb (D:5)
  5 iguanas
  6 orc wizards
  8 worker ants
  A polar bear simulacrum (IceCv)
  A wolf simulacrum (IceCv)
  2 hound zombies
  2 hound skeletons
  A howler monkey zombie (D:11)
  2 worker ant zombies (D:8)
  7 gnolls
  14 adders
  3 river rats
  2 shadow imps
  5 white imps (IceCv)
  2 oozes (Sewer)
  2 adder skeletons
  7 worms
  2 dart slugs
  7 leopard geckos
  25 orcs
  4 ball pythons
  7 giant cockroaches
  3 goblins
  7 hobgoblins
  12 jackals
  5 quokkas
  9 bats
  4 frilled lizards
  13 kobolds
  8 rats
  A fungus (D:10)
290 creatures vanquished.

Vanquished Creatures (others)
  17 fungi (D:10)
  A plant (D:10)
18 creatures vanquished.

Grand Total: 308 creatures vanquished

Notes
Turn   | Place    | Note
-------+----------+-------------------------------------------
     0 | D:1      | DearestLeader the Gargoyle Earth Elementalist began the
                  | quest for the Orb.
     0 | D:1      | Reached XP level 1. HP: 10/10 MP: 3/3
   294 | D:1      | Reached skill level 4 in Earth Magic
   402 | D:1      | Reached XP level 2. HP: 15/15 MP: 5/5
   478 | D:1      | Learned a level 2 spell: Passwall
  1227 | D:2      | Found a sparkling altar of Nemelex Xobeh.
  1560 | D:2      | Reached XP level 3. HP: 17/19 MP: 6/6
  1612 | D:2      | Learned a level 3 spell: Stone Arrow
  1621 | D:2      | Reached skill level 5 in Earth Magic
  2091 | D:2      | Noticed a scorpion
  2094 | D:2      | Killed a scorpion
  2094 | D:2      | Reached skill level 6 in Earth Magic
  2094 | D:2      | Reached XP level 4. HP: 14/24 MP: 2/7
  2410 | D:3      | Reached XP level 5. HP: 28/28 MP: 8/8
  2488 | D:3      | Noticed an ogre
  2490 | D:3      | Killed an ogre
  2490 | D:3      | Reached skill level 1 in Conjurations
  2490 | D:3      | Reached skill level 7 in Earth Magic
  2547 | D:3      | Reached XP level 6. HP: 32/32 MP: 4/9
  3274 | D:4      | Noticed Grinder
  3529 | D:4      | Found a staircase to the Ecumenical Temple.
  3551 | Temple   | Entered the Ecumenical Temple
  3695 | Temple   | Became a worshipper of Vehumet
  3739 | D:4      | Paralysed by Grinder for 2 turns
  3754 | D:4      | Killed Grinder
  3754 | D:4      | Reached skill level 8 in Earth Magic
  3754 | D:4      | Reached XP level 7. HP: 32/36 MP: 1/10
  4013 | D:4      | Reached * piety under Vehumet
  4013 | D:4      | Offered knowledge of Freeze by Vehumet.
  4014 | D:4      | Found a glowing drain.
  4021 | Sewer    | Entered a sewer
  4315 | Sewer    | Reached skill level 9 in Earth Magic
  4694 | Sewer    | Reached XP level 8. HP: 38/41 MP: 11/13
  4950 | D:4      | Found Rothrunam's Food Emporium.
  5248 | D:4      | Learned a level 5 spell: Lee's Rapid Deconstruction
  5691 | D:5      | Entered Level 5 of the Dungeon
  5707 | D:5      | Noticed Ijyb
  5713 | D:5      | Reached skill level 10 in Earth Magic
  5744 | D:5      | Killed Ijyb
  6046 | D:5      | Noticed Pikel
  6376 | D:5      | Found a snail-covered altar of Cheibriados.
  6444 | D:5      | Found an opulent altar of Gozag.
  6444 | D:5      | Found a white marble altar of Elyvilon.
  6513 | D:5      | Killed Pikel
  6513 | D:5      | Reached skill level 5 in Spellcasting
  6513 | D:5      | Reached XP level 9. HP: 45/45 MP: 10/17
  6622 | D:6      | Reached skill level 11 in Earth Magic
  6782 | D:6      | Found Aduc Fuaxy's Antique Armour Boutique.
  6787 | D:6      | Bought a pair of embroidered boots for 217 gold pieces
  6870 | D:6      | Found a sparkling altar of Nemelex Xobeh.
  7333 | D:6      | Reached skill level 5 in Conjurations
  7457 | D:6      | Found a glowing golden altar of the Shining One.
  7458 | D:6      | Found Ozuu's Distillery.
  7464 | D:6      | Bought a potion of curing for 33 gold pieces
  7464 | D:6      | Bought a potion of heal wounds for 55 gold pieces
  7668 | D:7      | Reached ** piety under Vehumet
  7668 | D:7      | Offered knowledge of Magic Dart by Vehumet.
  8361 | D:8      | Learned a level 4 spell: Petrify
  8760 | D:8      | Found a shimmering altar of Xom.
  8856 | D:8      | Found Woteva's Antique Armour Emporium.
  8897 | D:8      | Bought a runed robe for 85 gold pieces
  8922 | D:8      | Found an iron altar of Okawaru.
  8923 | D:8      | Noticed Psyche
  8926 | D:8      | Killed Psyche
  8926 | D:8      | Reached skill level 12 in Earth Magic
  9568 | D:9      | Noticed a troll
  9573 | D:9      | Killed a troll
  9573 | D:9      | Reached skill level 1 in Transmutations
  9573 | D:9      | Reached XP level 10. HP: 50/50 MP: 9/19
  9811 | D:9      | Found a basalt altar of Yredelemnul.
 10598 | D:10     | Entered Level 10 of the Dungeon
 10651 | D:10     | Reached skill level 13 in Earth Magic
 10652 | D:10     | Offered knowledge of Frozen Ramparts by Vehumet.
 10667 | D:10     | Found a staircase to the Lair.
 10674 | D:10     | Noticed a two-headed ogre
 10688 | D:10     | Learned a level 3 spell: Frozen Ramparts
 10710 | D:10     | Reached *** piety under Vehumet
 10731 | D:10     | Reached skill level 1 in Ice Magic
 10828 | D:10     | Found a shattered altar of Ashenzari.
 10855 | D:10     | You fall into a shaft and drop 2 floors!
 10886 | D:12     | Noticed a manticore
 10895 | D:12     | Killed a manticore
 11053 | D:12     | Noticed a manticore
 11363 | D:12     | Killed a manticore
 11367 | D:12     | Reached XP level 11. HP: 43/54 MP: 8/22
 11463 | D:11     | Offered knowledge of Inner Flame by Vehumet.
 11612 | D:11     | Reached skill level 14 in Earth Magic
 11626 | D:11     | Noticed a brown ugly thing
 12020 | D:10     | Noticed a deep elf mage
 12032 | D:10     | Killed a deep elf mage
 12033 | D:10     | Reached **** piety under Vehumet
 12033 | D:10     | Reached skill level 5 in Ice Magic
 12033 | D:10     | Killed a two-headed ogre
 12421 | Lair:1   | Entered Level 1 of the Lair of Beasts
 12547 | Lair:1   | Offered knowledge of Irradiate by Vehumet.
 12754 | Lair:1   | Noticed an eight-headed hydra
 12760 | Lair:1   | Killed an eight-headed hydra
 12849 | Lair:1   | Reached skill level 15 in Earth Magic
 12849 | Lair:1   | Reached XP level 12. HP: 33/59 MP: 17/24
 12885 | Lair:1   | Found a frozen archway.
 12931 | IceCv    | Entered an ice cave
 13212 | IceCv    | Demolished by a freezing wraith

Illustrated notes

Levels and vault maps discovered:
D:1:      zelgadis_glass_arrival_small, layout_basic
D:2:      cheibrodos_helix_gallery, layout_rooms, nemelex_altar_shiori
D:3:      layout_basic, minmay_hedge_maze, minmay_between
D:4:      layout_loops_ring, minmay_temple_entry_arrows, first_ration,
          gup_sewer_entry_bubbles, serial_shops,
          nicolae_shop_competitors_out_of_business, uniq_grinder
D:5:      layout_rooms, nicolae_overflow_crystal_walls, minitemple,
          grunt_decor_arrowhead, uniq_ijyb, uniq_pikel
D:6:      layout_loops_cross, lemuel_crystal_altar, kennysheep_mini,
          serial_shops, shop, shop
D:7:      layout_loops_ring, grunt_ogre_cave
D:8:      layout_loops_ring, basic_altar, serial_shops,
          nicolae_shop_statue_plus, okawaru_trees_2, uniq_psyche
D:9:      layout_loops_ring, lemuel_crystal_altar
D:10:     layout_rooms, due_lair_maze_entry_diamond, evilmike_ruin_ashenzari
D:11:     minmay_the_grid_triangle_9x9_rhombus_thin_mashed
          [minmay_the_grid_triangle_9x9_cache,
          minmay_the_grid_triangle_9x9_prize_special,
          minmay_the_grid_triangle_9x9_impossible_snake,
          minmay_the_grid_triangle_9x9_corruption], layout_cave_pools
D:12:     layout_basic, orc_david_3, gammafunk_ghost_hydra_chop, serial_shops,
          shop, fedhas_altar_decomposition
Temple:   lightli_temple_of_artemis
Lair:1:   layout_loops_ring, portal_ice_cave_rime
IceCv:    ice_cave_small_necro

Skill      XL: |  1  2  3  4  5  6  7  8  9 10 11 12 |
---------------+-------------------------------------+-----
Earth Magic    | 4 6 7 8 9 10 12 13 15 | 15.1
Dodging        | 2 |  2.4
Conjurations   | 1 3 4 6 7 8 9 |  9.2
Spellcasting   | 3 5 6 7 8 |  8.5
Transmutations | 1 |  1.2
Ice Magic      | 3 6 7 |  7.0
Stealth        | |  2.1

Action                   |  1- 3 |  4- 6 |  7- 9 | 10-12 || total
-------------------------+-------+-------+-------+-------++-------
Melee: Dagger            |   122 |   134 |   445 |       ||   701
       Unarmed           |     8 |       |       |       ||     8
       Staff             |       |       |    62 |    93 ||   155
 Cast: Sandblast         |    21 |    28 |    40 |    65 ||   154
       Stone Arrow       |       |       |    50 |    81 ||   131
       Lee's Rapid Decon |       |       |     1 |    18 ||    19
       Petrify           |       |       |       |     1 ||     1
       Frozen Ramparts   |       |       |       |    11 ||    11
  Use: Scroll            |     3 |     2 |     5 |     4 ||    14
       Potion            |       |       |     1 |     4 ||     5
 Stab: Sleeping          |     4 |     1 |     6 |     2 ||    13
       Petrified         |       |       |       |     2 ||     2
  Eat: Chunk             |     4 |     5 |    16 |    12 ||    37
       Ration            |       |       |     2 |     1 ||     3
Armor: Robe              |    75 |    88 |   209 |   116 ||   488
Dodge: Dodged            |   143 |   135 |   324 |   128 ||   730
